MID
GREAT LAKES LOONS @ KANE COUNTY COUGARS
04/11/2044
 
TOP OF THE 1ST
Great Lakes Loons batting - Pitching for Kane County Cougars : RHP Mike Robertson
Pitching: RHP Mike Robertson
Batting: RHB Ken Jenkins 0-0: Ground out 6-3 (Groundball, 6, EV 87.5 MPH)
Batting: RHB Alex Mejia 0-0: Ground out 6-3 (Groundball, 6, EV 77.5 MPH)
Batting: LHB Antonio Luis 0-0: Fly out, F7 (Flyball, 7S, EV 93.8 MPH)
Top of the 1st over - 0 runs, 0 hits, 0 errors, 0 left on base; Great Lakes 0 - Kane County 0
BOTTOM OF THE 1ST
Kane County Cougars batting - Pitching for Great Lakes Loons : RHP Servaas Morrow
Pitching: RHP Servaas Morrow
Batting: LHB T.J. Duvall 0-0: Ball
1-0: Foul Ball, location: 2F
1-1: Ball
2-1: Ball
3-1: Base on Balls
Batting: LHB Brian Nielsen 0-0: Ball
T.J. Duvall steals 2nd base
1-0: Ball
2-0: Ball
3-0: Called Strike
3-1: Base on Balls
Batting: LHB Kevin Ferguson 0-0: Ball
1-0: Ball
2-0: Called Strike
2-1: Foul Ball, location: 2F
2-2: Ball
3-2: Base on Balls
T.J. Duvall to third
Brian Nielsen to second
Batting: RHB Dave Vargas 0-0: Ball
1-0: Called Strike
1-1: Ball
2-1: Ball
3-1: Called Strike
3-2: Strikes out swinging
Batting: RHB Marlon Reda 0-0: Ball
1-0: Foul Ball, location: 2F
1-1: SINGLE (Groundball, 6D, EV 101.3 MPH)
T.J. Duvall scores
Brian Nielsen to third
Kevin Ferguson to second
Batting: RHB Matt Maxwell 0-0: Called Strike
0-1: Foul Ball, location: 2F
0-2: Ball
1-2: Strikes out looking
Batting: RHB John Pena 0-0: Ball
1-0: Called Strike
1-1: Ball
2-1: Swinging Strike
2-2: Foul Ball, location: 2F
2-2: Ball
3-2: Foul Ball, location: 2F
3-2: Fly out, F7 (Flyball, 7LM, EV 88.1 MPH)
Bottom of the 1st over - 1 run, 1 hit, 0 errors, 3 left on base; Great Lakes 0 - Kane County 1
TOP OF THE 2ND
Great Lakes Loons batting - Pitching for Kane County Cougars : RHP Mike Robertson
Batting: RHB Mike Sims 0-0: Swinging Strike
0-1: Foul Ball, location: 2F
0-2: Ground out 6-3 (Groundball, 6, EV 109.4 MPH)
Batting: LHB Jim Chalk 0-0: Called Strike
0-1: Ball
1-1: Swinging Strike
1-2: Foul Ball, location: 2F
1-2: Strikes out swinging
Batting: LHB Alberto Chavez 0-0: Ball
1-0: Foul Ball, location: 2F
1-1: Ball
2-1: Ball
3-1: Base on Balls
Batting: RHB Phil Knox 0-0: Fielders Choice at 2nd, 5-4 (Groundball, 5, EV 92.5 MPH)
Top of the 2nd over - 0 runs, 0 hits, 0 errors, 1 left on base; Great Lakes 0 - Kane County 1
BOTTOM OF THE 2ND
Kane County Cougars batting - Pitching for Great Lakes Loons : RHP Servaas Morrow
Pitching: LHP J.P. Blair
Batting: RHB Jake Hodge 0-0: Called Strike
0-1: Swinging Strike
0-2: Ball
1-2: Strikes out swinging
Batting: RHB Curt Barrett 0-0: Foul Ball, location: 2F
0-1: Called Strike
0-2: Ball
1-2: Ball
2-2: Foul Ball, location: 2F
2-2: Strikes out swinging
Batting: LHB T.J. Duvall 0-0: Swinging Strike
0-1: Ball
1-1: Swinging Strike
1-2: Ball
2-2: Strikes out looking
Bottom of the 2nd over - 0 runs, 0 hits, 0 errors, 0 left on base; Great Lakes 0 - Kane County 1
TOP OF THE 3RD
Great Lakes Loons batting - Pitching for Kane County Cougars : RHP Mike Robertson
Batting: RHB Sean Tanner 0-0: Ground out 6-3 (Groundball, 6, EV 91.3 MPH)
Batting: RHB Santos Guadalupe 0-0: Ball
1-0: Ball
2-0: Called Strike
2-1: Swinging Strike
2-2: Ground out 2-3 (Groundball, 15S, EV 66.9 MPH)
Batting: RHB Ken Jenkins 0-0: Called Strike
0-1: Ball
1-1: Called Strike
1-2: Ground out 6-3 (Groundball, 6, EV 85.0 MPH)
Top of the 3rd over - 0 runs, 0 hits, 0 errors, 0 left on base; Great Lakes 0 - Kane County 1
BOTTOM OF THE 3RD
Kane County Cougars batting - Pitching for Great Lakes Loons : LHP J.P. Blair
Batting: LHB Brian Nielsen 0-0: Called Strike
0-1: Ball
1-1: Swinging Strike
1-2: Foul Ball, location: 2F
1-2: Strikes out swinging
Batting: LHB Kevin Ferguson 0-0: Foul Ball, location: 2F
0-1: Ball
1-1: Called Strike
1-2: Fly out, F7 (Flyball, 7S, EV 90.0 MPH)
Batting: RHB Dave Vargas 0-0: Ball
1-0: Ground out 6-3 (Groundball, 56, EV 90.6 MPH)
Bottom of the 3rd over - 0 runs, 0 hits, 0 errors, 0 left on base; Great Lakes 0 - Kane County 1
TOP OF THE 4TH
Great Lakes Loons batting - Pitching for Kane County Cougars : RHP Mike Robertson
Batting: RHB Alex Mejia 0-0: Fly out, F4 (Line Drive, 4, EV 63.1 MPH)
Batting: LHB Antonio Luis 0-0: SINGLE (Groundball, 4D, EV 105.6 MPH)
Batting: RHB Mike Sims 0-0: Called Strike
0-1: Ball
1-1: DOUBLE (Flyball, 8RXD, EV 96.3 MPH)
Antonio Luis to third
Batting: LHB Jim Chalk 0-0: Ball
1-0: Called Strike
1-1: Foul Ball, location: 2F
1-2: Foul Ball, location: 2F
1-2: Strikes out looking
Batting: LHB Alberto Chavez 0-0: Ball
1-0: Ball
2-0: Foul Ball, location: 2F
2-1: 3-RUN HOME RUN (Flyball, 9LD, EV 95.6 MPH), Distance : 343 ft
Batting: RHB Phil Knox 0-0: Ball
1-0: Ball
2-0: Ball
3-0: Called Strike
3-1: Ground out 5-3 (Groundball, 56, EV 101.9 MPH)
Top of the 4th over - 3 runs, 3 hits, 0 errors, 0 left on base; Great Lakes 3 - Kane County 1
BOTTOM OF THE 4TH
Kane County Cougars batting - Pitching for Great Lakes Loons : LHP J.P. Blair
Batting: RHB Marlon Reda 0-0: Called Strike
0-1: Swinging Strike
0-2: Strikes out looking
Batting: RHB Matt Maxwell 0-0: Called Strike
0-1: Ball
1-1: Swinging Strike
1-2: Ball
2-2: Ball
3-2: Foul Ball, location: 2F
3-2: Foul Ball, location: 2F
3-2: Foul Ball, location: 2F
3-2: Strikes out swinging
Batting: RHB John Pena 0-0: Called Strike
0-1: Ball
1-1: Ball
2-1: Called Strike
2-2: Foul Ball, location: 2F
2-2: Foul Ball, location: 2F
2-2: Foul Ball, location: 2F
2-2: Ball
3-2: Foul Ball, location: 2F
3-2: Strikes out swinging
Bottom of the 4th over - 0 runs, 0 hits, 0 errors, 0 left on base; Great Lakes 3 - Kane County 1
TOP OF THE 5TH
Great Lakes Loons batting - Pitching for Kane County Cougars : RHP Mike Robertson
Batting: RHB Sean Tanner 0-0: Called Strike
0-1: Ball
1-1: Called Strike
1-2: Strikes out swinging
Batting: RHB Santos Guadalupe 0-0: Called Strike
0-1: Ball
1-1: Swinging Strike
1-2: Ball
2-2: Fly out, F8 (Flyball, 8LS, EV 84.4 MPH)
Batting: RHB Ken Jenkins 0-0: Called Strike
0-1: Swinging Strike
0-2: Strikes out swinging
Top of the 5th over - 0 runs, 0 hits, 0 errors, 0 left on base; Great Lakes 3 - Kane County 1
BOTTOM OF THE 5TH
Kane County Cougars batting - Pitching for Great Lakes Loons : LHP J.P. Blair
Batting: RHB Jake Hodge 0-0: Called Strike
0-1: Swinging Strike
0-2: Strikes out swinging
Pitching: RHP Yuichi Nozawa
Batting: RHB Curt Barrett 0-0: Foul Ball, location: 2F
0-1: Foul Ball, location: 2F
0-2: DOUBLE (Line Drive, 9LM, EV 108.1 MPH)
Batting: LHB T.J. Duvall 0-0: Ball
1-0: Foul Ball, location: 2F
1-1: Ball
2-1: Ball
Passed Ball!
Curt Barrett to third
3-1: Foul Ball, location: 2F
3-2: Strikes out swinging
Batting: LHB Brian Nielsen 0-0: Ground out 5-3 (Groundball, 56, EV 106.9 MPH)
Bottom of the 5th over - 0 runs, 1 hit, 0 errors, 1 left on base; Great Lakes 3 - Kane County 1
TOP OF THE 6TH
Great Lakes Loons batting - Pitching for Kane County Cougars : RHP Mike Robertson
Batting: RHB Alex Mejia 0-0: Fly out, F9 (Flyball, 9, EV 91.9 MPH)
Batting: LHB Antonio Luis 0-0: Called Strike
0-1: Ball
1-1: Ball
2-1: Foul Ball, location: 2F
2-2: Strikes out swinging
Batting: RHB Mike Sims 0-0: Fly out, F8 (Flyball, 8LD, EV 99.4 MPH)
Top of the 6th over - 0 runs, 0 hits, 0 errors, 0 left on base; Great Lakes 3 - Kane County 1
BOTTOM OF THE 6TH
Kane County Cougars batting - Pitching for Great Lakes Loons : RHP Yuichi Nozawa
Batting: LHB Kevin Ferguson 0-0: Ball
1-0: Ball
2-0: Ball
3-0: Called Strike
3-1: Foul Ball, location: 2F
3-2: Base on Balls
Batting: RHB Dave Vargas 0-0: Ball
1-0: Swinging Strike
1-1: Called Strike
1-2: Ball
2-2: Foul Ball, location: 2F
2-2: Strikes out looking
Batting: RHB Marlon Reda 0-0: Ball
1-0: Ball
2-0: Called Strike
2-1: Called Strike
Kevin Ferguson steals 2nd base (no throw)
2-2: Fly out, F7 (Flyball, 78D, EV 108.8 MPH)
Batting: RHB Matt Maxwell 0-0: SINGLE (Flyball, 5D, EV 95.6 MPH)
Kevin Ferguson to third
Runner from 3rd tries for Home, SAFE, throw by LF to home
Batting: RHB John Pena 0-0: Hit by Pitch
Matt Maxwell to second
Batting: RHB Jake Hodge 0-0: Foul Ball, location: 2F
0-1: Ground out U3 (Groundball, 34, EV 106.3 MPH)
Bottom of the 6th over - 1 run, 1 hit, 0 errors, 2 left on base; Great Lakes 3 - Kane County 2
TOP OF THE 7TH
Great Lakes Loons batting - Pitching for Kane County Cougars : RHP Mike Robertson
Batting: LHB Jim Chalk 0-0: Ball
1-0: Called Strike
1-1: Ball
2-1: Foul Ball, location: 2F
2-2: Strikes out swinging
Batting: LHB Alberto Chavez 0-0: Ground out 4-3 (Groundball, 34D, EV 101.3 MPH)
Batting: RHB Phil Knox 0-0: Called Strike
0-1: Called Strike
0-2: Fly out, F5 (Line Drive, 5, EV 70.6 MPH)
Top of the 7th over - 0 runs, 0 hits, 0 errors, 0 left on base; Great Lakes 3 - Kane County 2
BOTTOM OF THE 7TH
Kane County Cougars batting - Pitching for Great Lakes Loons : RHP Yuichi Nozawa
Pitching: RHP Bobby Primaticcio
Batting: RHB Curt Barrett 0-0: Ball
1-0: Called Strike
1-1: Ground out 6-3 (Groundball, 56, EV 90.6 MPH)
Batting: LHB T.J. Duvall 0-0: Foul Ball, location: 2F
0-1: Foul Ball, location: 2F
0-2: Strikes out swinging
Batting: LHB Brian Nielsen 0-0: Called Strike
0-1: Ground out 4-3 (Groundball, 4, EV 87.5 MPH)
Bottom of the 7th over - 0 runs, 0 hits, 0 errors, 0 left on base; Great Lakes 3 - Kane County 2
TOP OF THE 8TH
Great Lakes Loons batting - Pitching for Kane County Cougars : RHP Mike Robertson
Batting: RHB Sean Tanner 0-0: Foul Ball, location: 2F
0-1: Foul Ball, location: 2F
0-2: Ball
1-2: DOUBLE (Flyball, 89XD, EV 94.4 MPH)
Batting: RHB Santos Guadalupe 0-0: Ball
1-0: Called Strike
1-1: Ball
2-1: Swinging Strike
2-2: Ball
3-2: Foul Ball, location: 2F
3-2: Foul Ball, location: 2F
3-2: Strikes out swinging
Pitching: RHP Rich Garces
Batting: RHB Ken Jenkins 0-0: Foul Ball, location: 2F
0-1: Called Strike
0-2: Ball
1-2: SINGLE (Groundball, 4MD, EV 106.9 MPH) (infield hit)
Sean Tanner to third
Batting: RHB Alex Mejia 0-0: Ball
Ken Jenkins steals 2nd base
1-0: Called Strike
1-1: Ball
2-1: Fly out, F8 (Line Drive, 8RM, EV 88.8 MPH)
Runner from 3rd tags up, SCORES, throw by CF
Pitching: LHP Frank Rowe
Batting: LHB Antonio Luis 0-0: Ball
1-0: Called Strike
1-1: Swinging Strike
Passed Ball!
Ken Jenkins to third
1-2: Strikes out swinging
Top of the 8th over - 1 run, 2 hits, 0 errors, 1 left on base; Great Lakes 4 - Kane County 2
BOTTOM OF THE 8TH
Kane County Cougars batting - Pitching for Great Lakes Loons : RHP Bobby Primaticcio
Pitching: RHP Angel Rivas
Batting: LHB Kevin Ferguson 0-0: Called Strike
0-1: Fly out, F9 (Flyball, 89D, EV 105.6 MPH)
Pinch Hitting: LHB Willie Gutierrez 0-0: Reached on error, E4 (Groundball, 4, EV 93.1 MPH)
Batting: RHB Marlon Reda 0-0: Swinging Strike
0-1: Called Strike
0-2: Foul Ball, location: 2F
0-2: Strikes out looking
Batting: RHB Matt Maxwell 0-0: Called Strike
0-1: Ball
1-1: Ball
2-1: Foul Ball, location: 2F
2-2: Strikes out swinging
Bottom of the 8th over - 0 runs, 0 hits, 1 error, 1 left on base; Great Lakes 4 - Kane County 2
TOP OF THE 9TH
Great Lakes Loons batting - Pitching for Kane County Cougars : LHP Frank Rowe
Pitching: RHP Ming-feng Pi
Now in LF: Willie Gutierrez
Batting: RHB Mike Sims 0-0: Ball
1-0: Foul Ball, location: 2F
1-1: DOUBLE (Groundball, 5L, EV 101.9 MPH)
Batting: LHB Jim Chalk 0-0: Ball
1-0: Ball
2-0: DOUBLE (Line Drive, 9LD, EV 107.5 MPH)
Mike Sims scores
Batting: LHB Alberto Chavez 0-0: Intentional Walk
Batting: RHB Phil Knox 0-0: Called Strike
0-1: Ball
1-1: Ball
2-1: Foul Ball, location: 2F
2-2: Strikes out looking
Batting: RHB Sean Tanner 0-0: Foul Ball, location: 2F
0-1: Ball
1-1: Called Strike
1-2: Foul Ball, location: 2F
1-2: Strikes out swinging
Batting: RHB Santos Guadalupe 0-0: Foul Ball, location: 2F
0-1: Called Strike
0-2: Foul Ball, location: 2F
0-2: Foul Ball, location: 2F
0-2: Ball
1-2: Ball
2-2: Fly out, F4 (Line Drive, 4, EV 66.3 MPH)
Top of the 9th over - 1 run, 2 hits, 0 errors, 2 left on base; Great Lakes 5 - Kane County 2
BOTTOM OF THE 9TH
Kane County Cougars batting - Pitching for Great Lakes Loons : RHP Angel Rivas
Batting: RHB John Pena 0-0: Fly out, F7 (Flyball, 7, EV 92.5 MPH)
Batting: RHB Jake Hodge 0-0: Fly out, F9 (Flyball, 89M, EV 93.8 MPH)
Batting: RHB Curt Barrett 0-0: Ball
1-0: Foul Ball, location: 2F
1-1: Foul Ball, location: 2F
1-2: Strikes out swinging
Bottom of the 9th over - 0 runs, 0 hits, 0 errors, 0 left on base; Great Lakes 5 - Kane County 2
Thursday, March 31st , 2022 - OOTP Baseball 22.12 Build 89